 Dungeon Crawl Stone Soup version 0.24-a0-170-gd8427f5 (webtiles) character file.

Game seed: 12676720443023361189

7098 nikopol the Cleaver (level 10, 0/132 HPs)
             Began as a Minotaur Berserker on Mar 11, 2019.
             Was a High Priest of Trog.
             Slain by Urug
             ... wielding a +1 long sword of holy wrath
              (3 damage)
             ... on level 10 of the Dungeon.
             The game lasted 00:18:39 (10231 turns).

nikopol the Cleaver (Minotaur Berserker)           Turns: 10231, Time: 00:18:40

Health: 0/132      AC: 13    Str: 30    XL:     10   Next: 84%
Magic:  9/9        EV: 12    Int:  4    God:    Trog [*****.]
Gold:   408        SH:  0    Dex: 10    Spells: 9/9 levels left

rFire    + . .     SeeInvis .   a - +4 broad axe (flame)
rCold    x . .     Gourm    +   (no shield)
rNeg     . . .     Faith    .   s - +0 scale mail
rPois    .         Spirit   .   (helmet restricted)
rElec    .         Reflect  .   (no cloak)
rCorr    .         Harm     .   O - +0 pair of gloves
MR       .....                  k - +2 pair of boots
Stlth    ..........             i - amulet of the gourmand
HPRegen  0.32/turn              (no ring)
MPRegen  0.11/turn              K - ring of fire

@: berserking, very quick
A: retaliatory headbutt, horns 2
a: Berserk, Trog's Hand, Brothers in Arms, Renounce Religion


You were on level 10 of the Dungeon.
You worshipped Trog.
Trog was extremely pleased with you.
You were very full.

You visited 1 branch of the dungeon, and saw 10 of its levels.

You collected 729 gold pieces.
You spent 321 gold pieces at shops.

Inventory:

Hand Weapons
 a - a +4 broad axe of flaming (weapon)
 q - a +0 hand axe
 z - a +0 shortbow
 J - a +0 hand axe of draining
 L - a +0 war axe
Missiles
 d - 24 bolts
 f - 135 arrows
Armour
 b - a +0 animal skin
 k - a +2 pair of boots (worn)
 o - a +0 ring mail
 s - a +0 scale mail (worn)
 O - a +0 pair of gloves (worn)
Jewellery
 i - an amulet of the gourmand (around neck)
 K - a ring of fire (right hand)
Wands
 v - a wand of enslavement (6)
 B - a wand of iceblast (10)
 F - a wand of acid (4)
 H - a wand of paralysis (4)
 I - a wand of scattershot (5)
 M - a wand of random effects (25)
 N - a wand of flame (12)
Scrolls
 e - 3 scrolls of enchant weapon {unknown}
 g - a scroll of amnesia {unknown}
 j - 2 scrolls of teleportation {unknown}
 l - a scroll of blinking {unknown}
 m - 5 scrolls of remove curse {unknown}
 p - 2 scrolls of random uselessness {unknown}
 x - a scroll of fog {unknown}
 y - a scroll of noise {unknown}
 D - 8 scrolls of identify {unknown}
 G - a scroll of acquirement {unknown}
 R - a scroll of enchant armour {unknown}
Potions
 h - a potion of brilliance {unknown}
 n - 3 potions of curing
 r - 2 potions of heal wounds {unknown}
 t - 4 potions of might
 u - a potion of lignification {unknown}
 w - a potion of haste {unknown}
 A - a potion of berserk rage
 C - 2 potions of cancellation {unknown}
 E - a potion of resistance {unknown}
 P - a potion of mutation {unknown}
Comestibles
 c - 16 rations


   Skills:
 + Level 7.9 Fighting
 * Level 12.6 Axes
 * Level 8.0 Bows
 + Level 9.5 Armour
 + Level 5.3 Dodging
 + Level 1.5 Stealth
 + Level 0.1 Evocations


You had 9 spell levels left.
You didn't know any spells.
Your spell library was empty.

Dungeon Overview and Level Annotations

Branches:
Dungeon (10/15)            Temple (0/1) D:5            Lair (0/6) D:9
    Orc (0/2) D:9

Altars:
Ashenzari
Cheibriados
Gozag
Makhleb
Nemelex Xobeh
Ru
Trog
Vehumet
Wu Jian
Xom

Shops:
D:6 *   D:9 ([

Annotations:
D:4 3 runed translucent doors, Nib's ghost, novice DgSk
D:5 2 transporters, Scuka's ghost, novice GrFi
D:10 Urug


Innate Abilities, Weirdness & Mutations

You reflexively headbutt those who attack you in melee.
You have a pair of horns on your head.


Message History

The shadow imp gestures at you. Pain shoots through your body!
* * * LOW HITPOINT WARNING * * *
Wield which item (- for none, * to show all)? (? for menu, Esc to quit)
Your +4 broad axe of flaming bursts into flame!
a - a +4 broad axe of flaming (weapon)
A red film seems to cover your vision as you go berserk!
You feel yourself moving faster!
You feel mighty!
Urug drinks a potion.
Urug seems to grow stronger.
Your scale mail prevents you from hitting Urug.
You headbutt Urug.
Urug is heavily wounded.
Urug hits you with a +1 long sword of holy wrath!
* * * LOW HITPOINT WARNING * * *
You barely miss Urug. Your headbutt misses Urug.
Urug is heavily wounded.
You completely miss Urug.
Urug is heavily wounded.
Urug hits you with a +1 long sword of holy wrath.
You die...

... .# ..###. Y .....###
..##.#.#.# ..(.#.#))#
..(......# ## ....(....##.#
......(5..#.###
.......(o@.#..#
.........$((#####
.............#.#.##
..............#...#
..................###
.....................#.#.#
......................#..# #
.....................#.#.#.#
........#.................#
##


You could see Urug and a shadow imp.

Vanquished Creatures
  Erica (D:9)
  An unseen horror (D:9)
  Grinder (D:3)
  5 slime creatures (D:7)
  A hornet (D:8)
  5 yaks (D:10)
  2 wraiths
  A hungry ghost (D:8)
  A wyvern (D:10)
  Grum (D:5)
  2 sky beasts
  3 orc warriors
  A phantom (D:6)
  A black bear (D:7)
  3 ogres
  3 centaurs
  A big kobold (D:9)
  A bullfrog (D:9)
  2 gnoll sergeants
  5 howler monkeys
  A crimson imp (D:10)
  2 bullfrog zombies
  A centaur skeleton (D:10)
  10 hounds
  A jelly (D:5)
  A gnoll shaman (D:5)
  10 orc wizards
  3 bullfrog skeletons
  3 orc priests
  3 iguanas
  5 worker ants
  2 hound skeletons
  A worker ant zombie (D:5)
  6 adders
  13 gnolls
  3 shadow imps
  2 oozes
  An adder skeleton (D:7)
  2 worms (D:2)
  3 dart slugs
  7 leopard geckos
  45 orcs
  2 ball pythons (D:2)
  11 bats
  3 giant cockroaches
  4 goblins
  9 hobgoblins
  4 quokkas
  A ball python zombie (D:5)
  6 frilled lizards
  19 kobolds
  2 leopard gecko skeletons (D:6)
  A quokka skeleton (D:4)
  2 quokka zombies
  9 rats
239 creatures vanquished.

Vanquished Creatures (others)
  An orc (D:7)
  2 fungi (D:4)
  2 plants (D:4)
5 creatures vanquished.

Grand Total: 244 creatures vanquished

Notes
Turn   | Place    | Note
-------+----------+-------------------------------------------
     0 | D:1      | nikopol the Minotaur Berserker began the quest for the Orb.
     0 | D:1      | Reached XP level 1. HP: 19/19 MP: 0/0
   166 | D:1      | Reached XP level 2. HP: 27/27 MP: 1/1
   400 | D:1      | Reached skill level 4 in Axes
   681 | D:2      | Reached XP level 3. HP: 33/33 MP: 2/2
   932 | D:2      | Found a sacrificial altar of Ru.
  1084 | D:2      | Reached ** piety under Trog
  1097 | D:2      | Found a faded altar of an unknown god.
  1188 | D:2      | Reached XP level 4. HP: 24/41 MP: 3/3
  1552 | D:2      | Reached skill level 5 in Axes
  1616 | D:2      | Found a shimmering altar of Xom.
  1616 | D:2      | Found a sacrificial altar of Ru.
  1691 | D:2      | Found an ornate altar of the Wu Jian Council.
  1945 | D:3      | Found a sparkling altar of Nemelex Xobeh.
  2071 | D:3      | Found a snail-covered altar of Cheibriados.
  2213 | D:3      | Noticed Grinder
  2220 | D:3      | Killed Grinder
  2220 | D:3      | Reached skill level 6 in Axes
  2220 | D:3      | Reached XP level 5. HP: 46/47 MP: 4/4
  2220 | D:3      | Reached XP level 6. HP: 54/55 MP: 5/5
  2312 | D:3      | Reached skill level 5 in Fighting
  2422 | D:4      | Reached skill level 1 in Stealth
  2462 | D:4      | Reached XP level 7. HP: 48/61 MP: 6/6
  2480 | D:4      | Found a runed translucent gate.
  2481 | D:4      | Found a runed translucent gate.
  2481 | D:4      | Noticed Nib's ghost (novice DgSk)
  2481 | D:4      | Identified the cursed +1 dagger of Muagg {venom, rElec rF+
                  | rN+ Str-3}
  2482 | D:4      | Found a runed translucent gate.
  2562 | D:4      | Reached *** piety under Trog
  2603 | D:4      | Reached skill level 5 in Armour
  2605 | D:4      | Reached skill level 7 in Axes
  3147 | D:5      | Entered Level 5 of the Dungeon
  3312 | D:5      | Reached skill level 8 in Axes
  3337 | D:5      | Reached XP level 8. HP: 54/69 MP: 7/7
  3377 | D:5      | Reached **** piety under Trog
  3390 | D:5      | Found a transporter.
  3395 | D:5      | Noticed Scuka's ghost (novice GrFi)
  3779 | D:5      | Found a shattered altar of Ashenzari.
  3795 | D:5      | Found a staircase to the Ecumenical Temple.
  3951 | D:5      | Noticed Grum
  3957 | D:5      | Killed Grum
  3957 | D:5      | Reached skill level 9 in Axes
  4003 | D:5      | Found a transporter.
  4065 | D:6      | Reached skill level 1 in Bows
  4108 | D:6      | Found a burning altar of Makhleb.
  4183 | D:6      | Found Gozag's Platinum Reserve.
  4183 | D:6      | Found an opulent altar of Gozag.
  4567 | D:6      | Reached skill level 10 in Axes
  4666 | D:6      | Reached XP level 9. HP: 75/75 MP: 8/8
  5943 | D:7      | Reached skill level 5 in Bows
  6380 | D:7      | Reached ***** piety under Trog
  6509 | D:7      | Found a bloodstained altar of Trog.
  6861 | D:8      | Reached skill level 11 in Axes
  7222 | D:8      | Received a gift from Trog
  7885 | D:9      | Reached XP level 10. HP: 67/86 MP: 9/9
  8784 | D:9      | Killed an unseen horror
  8899 | D:9      | Found Fuoric's Weapon Shoppe.
  8918 | D:9      | Found a staircase to the Orcish Mines.
  8929 | D:9      | HP: 4/129 [orc warrior/+0 trident (15)]
  8934 | D:9      | HP: 4/129 [poisoned by a kobold]
  8937 | D:9      | Found Oxkecoph's Armour Shoppe.
  8940 | D:9      | HP: 2/86 [poisoned by a kobold]
  9360 | D:9      | Bought a +4 broad axe of flaming for 321 gold pieces
  9401 | D:9      | Found a radiant altar of Vehumet.
  9407 | D:9      | Received a gift from Trog
  9424 | D:9      | Found a shattered altar of Ashenzari.
  9481 | D:9      | Found a staircase to the Lair.
  9486 | D:9      | Noticed Erica
  9495 | D:9      | Killed Erica
  9495 | D:9      | Reached skill level 5 in Dodging
  9876 | D:10     | Entered Level 10 of the Dungeon
  9898 | D:10     | Received a gift from Trog
  9979 | D:10     | Reached skill level 12 in Axes
 10212 | D:10     | Noticed Urug
 10229 | D:10     | HP: 2/132 [Urug/+1 long sword of holy wrath (14)]
 10231 | D:10     | Slain by Urug

Levels and vault maps discovered:
D:1:      dpeg_arrival_simpleton_a, layout_rooms, minmay_misc_feat_five
D:2:      minmay_diamond_boxcup, layout_loops_cross, marbit_many_paths,
          gammafunk_temple_overflow_statue,
          chequers_ecumenical_altar_simple_redux,
          nicolae_ru_sacrificial_ziggurat
D:3:      minmay_chambers_of_threes, layout_rooms, overflow_temple_1_default,
          nemelex_altar_shiori, uniq_grinder
D:4:      layout_basic, gammafunk_ghost_nasty_kobolds, grunt_ministairs_3,
          serial_bayou_lagoon_a
D:5:      layout_cave_pools, minmay_temple_entry_large_hall, serial_gnoll_camp,
          gnoll_camp_mini_loothouse, gnoll_camp_mini_hut, gnoll_camp_mini_house,
          grums_kennel, gnoll_camp_mini_hut, first_ration,
          gammafunk_ghost_smash, cheibrodos_ashenzari_chains
D:6:      layout_layer_cave, nicolae_gozag_zags_fifth_avenue,
          makhleb_heckhound_becter
D:7:      layout_layer_cave, trog_book
D:8:      layout_basic
D:9:      layout_grid_maze, vehumet_altar_wand_db, lemuel_doored_altar,
          lair_entry_dummy, orc_david_3, uniq_erica
D:10:     layout_big_octagon, uniq_urug

Skill      XL: |  1  2  3  4  5  6  7  8  9 10 |
---------------+-------------------------------+-----
Fighting       | 4 5 6 7 |  7.9
Axes           | 4 6 8 10 11 12 | 12.6
Armour         | 4 6 7 9 |  9.5
Dodging        | 3 4 5 |  5.3
Stealth        | 1 |  1.5
Bows           | 2 7 8 |  8.0
Evocations     | |  0.1

Action                   |  1- 3 |  4- 6 |  7- 9 | 10-12 || total
-------------------------+-------+-------+-------+-------++-------
Melee: Hand axe          |    57 |    25 |    19 |    68 ||   169
       Headbutt          |     6 |    11 |    71 |    28 ||   116
       War axe           |       |    52 |   278 |       ||   330
       Broad axe         |       |       |       |    67 ||    67
 Fire: Shortbow          |       |       |   133 |    20 ||   153
Invok: Berserk           |     1 |     1 |       |     2 ||     4
Evoke: Wand              |       |       |       |     2 ||     2
  Use: Potion            |       |       |       |     2 ||     2
  Eat: Chunk             |       |    24 |    17 |    11 ||    52
       Ration            |       |       |       |     1 ||     1
Armor: Animal skin       |     7 |       |       |       ||     7
       Ring mail         |     4 |    20 |       |       ||    24
       Scale mail        |       |    13 |   142 |   123 ||   278
Dodge: Dodged            |    56 |    56 |   155 |    68 ||   335

Table legend:
 A = Non-vault XP
 B = Vault XP
 C = Vault XP percentage of total XP
 D = Non-vault monster count
 E = Vault monster count
 F = Vault count percentage of total count
                 A         B        C        D         E       F
            +---------+---------+-------+---------+---------+-------
      Total |    7966 |    2175 |  21.4 |     191 |      48 |  20.1
            +---------+---------+-------+---------+---------+-------
        D:1 |      36 |       0 |   0.0 |      19 |       0 |   0.0
        D:2 |      89 |      31 |  25.8 |      21 |       9 |  30.0
        D:3 |      22 |     337 |  93.9 |      12 |      12 |  50.0
        D:4 |     549 |      12 |   2.1 |      22 |       4 |  15.4
        D:5 |     392 |     680 |  63.4 |      18 |      15 |  45.5
        D:6 |     775 |      42 |   5.1 |      17 |       1 |   5.6
        D:7 |    1817 |       0 |   0.0 |      27 |       0 |   0.0
        D:8 |     743 |       0 |   0.0 |      12 |       0 |   0.0
        D:9 |    1487 |    1073 |  41.9 |      15 |       7 |  31.8
       D:10 |    2056 |       0 |   0.0 |      28 |       0 |   0.0
            +---------+---------+-------+---------+---------+-------
